 Dungeon Crawl Stone Soup version 0.32-a0-996-gb3226c233f (webtiles) character file.

Game seed: 15726161719500995406

2074 topfpfpflanze the Thaumaturge (level 9, -4/51 HPs)
             Began as an Octopode Conjurer on Apr 23, 2024.
             Slain by a vampire mosquito (10 damage)
             ... on level 8 of the Dungeon.
             The game lasted 00:05:09 (6180 turns).

topfpfpflanze the Thaumaturge (Octopode Conjurer)   Turns: 6180, Time: 00:05:10

Health: -4/51      AC:  3    Str:  7 (10) XL:     9   Next: 26%
Magic:  17/24      EV: 12    Int: 21 (24) God:
Gold:   261        SH:  0    Dex:  8 (9)  Spells: 27/30 levels left

rFire   . . .        l - +2 whip (venom)
rCold   . . .        (no shield)
rNeg    . . .        (helmet restricted)
rPois   .            (no amulet)
rElec   .            (no ring)
rCorr   .            (no ring)
SInv    .            (no ring)
Will    .....        (no ring)
Stlth   +++          (no ring)
HPRegen 0.28/turn    (no ring)
MPRegen 0.19/turn    (no ring)
                     (no ring)

%: no passive effects
@: invisible
A: almost no armour, amphibious, 8 rings, camouflage 1, gelatinous body 1,
(nimble swimmer 1), tentacles, iridescent scales 1, strong 1, wild magic 1
a: no special abilities


You were on level 8 of the Dungeon.
You visited 2 branches of the dungeon, and saw 7 of its levels.

You collected 261 gold pieces.

Inventory:

Hand Weapons
 b - a +2 dagger of draining
 l - a +2 whip of venom (weapon)
Missiles
 o - 4 poisoned darts
Armour
 d - a +0 buckler
 n - a +0 kite shield
 t - a +1 hat
Jewellery
 e - the ring "Figefoo" {Fly rC+}
   (You found it on level 2 of the Dungeon)

   [ring of flight]

   rC+:       It protects you from cold.
   Fly:       It grants you flight.
 f - a ring of fire
 s - a ring of ice
Wands
 c - a wand of charming (4)
 g - a wand of flame (54)
 h - a wand of roots (10)
Scrolls
 i - a scroll of enchant armour {unknown}
 j - a scroll of fear {unknown}
 m - a scroll of immolation {unknown}
 q - a scroll of fog
Potions
 a - 2 potions of magic
 u - a potion of haste {unknown}


   Skills:
 - Level 2.0 Dodging
 - Level 2.6 Stealth
 + Level 11.1 Spellcasting
 - Level 4.0 Conjurations


You had 27 spell levels left.
You knew the following spells:

 Your Spells              Type           Power      Damage    Failure   Level
a - Magic Dart            Conj           100%       1d8       2%          1
b - Searing Ray           Conj           74%        2d7       3%          2

Your spell library contained the following spells:

 Spells                   Type           Power      Damage    Failure   Level
 Sting                    Conj/Alch      100%       1d9       4%          1
 Mercury Vapours          Alch/Air       30%        N/A       13%         2
 Fulminant Prism          Conj/Alch      13%        3d9       34%         4
 Iskenderun's Mystic Bla Conj/Tloc 26%            2d7        (+2d3     34%         4
 Cause Fear               Hex            7%         N/A       58%         4
 Olgreb's Toxic Radiance  Alch           15%        N/A       58%         4
 Fireball                 Conj/Fire      13%        3d7       65%         5
 Dragon's Call            Summ           7%         N/A       100%        9


Dungeon Overview and Level Annotations

Branches:
Dungeon (5/15)             Temple (1/1) D:5

Altars:
Dithmenos
Elyvilon
Fedhas
Hepliaklqana
Kikubaaqudgha
Qazlal
Ru
Uskayaw
Vehumet
Xom
Yredelemnul
The Shining One

Shops:
D:4 =

Annotations:
D:2 exclusion: 2 downstairs


Innate Abilities, Weirdness & Mutations

You cannot wear most types of armour.
You are amphibious.
You can wear up to eight rings at the same time.
Your skin changes colour to match your surroundings (Stealth+).
Your rubbery body absorbs attacks. (AC +1, EV +1)
((You are camouflaged when in or above water. (Stealth+)))
You have tentacles for arms and can constrict up to eight enemies at once.
You are partially covered in iridescent scales. (AC +2)
Your muscles are strong. (Str +4, Int/Dex -1)
Your spells are a little harder to cast, but a little more powerful.


Message History

Okay, then.
Casting: Searing Ray (safe; 1% risk of failure)
Aiming: Searing Ray (safe; 1% risk of failure)
Press: ? - help, Shift-Dir - straight line, f/p - vampire mosquito
Aim: a vampire mosquito (almost destroyed, 68% to hit)
The searing ray hits the vampire mosquito!
You destroy the vampire mosquito! (Press . to maintain the ray.) Unknown command.
The searing ray hits the vampire mosquito.
You destroy the vampire mosquito!
The searing ray hits the vampire mosquito.
Your Spellcasting skill increases to level 11!
Unknown command.
The searing ray hits the vampire mosquito!
The vampire mosquito bites you!
* * * LOW HITPOINT WARNING * * *
The vampire mosquito draws strength from your injuries!
The vampire mosquito barely misses you.
Unknown command.
Unknown command.
It was a potion of invisibility.
You fade into invisibility!
The vampire mosquito barely misses you.
Unknown command.
Unknown command.
The vampire mosquito closely misses you.
The vampire mosquito closely misses you.
The vampire mosquito closely misses you.
It was a potion of mutation.
You feel extremely strange.
You feel stronger.
You feel less in control of your magic.
Iridescent scales grow over part of your body.
The vampire mosquito barely misses you. The vampire mosquito misses you.
Unknown command.
It was a potion of degeneration.
There was something very wrong with that liquid.
You feel weakened.
You feel dopey.
You feel clumsy.
The vampire mosquito closely misses you.
The vampire mosquito bites you!
You die...

#........# #........#
#........ #.....y#
######......#
............
#......###############
#.........†..y@.......
#.^....###############
# ####...# .# #...#
#.# #...# #.###.###
#....# #....# ###.)..#


You could see a vampire mosquito (unable to see you).

Vanquished Creatures
  Grinder (D:5)
  Sigmund (D:4)
  A wyvern (D:8)
  2 vampire mosquitoes (D:8)
  A steam dragon (D:8)
  Pargi (D:3)
  An ogre (D:4)
  A black bear (D:3)
  2 phantoms
  A bullfrog (D:8)
  Blork the orc (D:5)
  2 scorpions (D:5)
  A howler monkey (D:4)
  A jelly (D:5)
  An orc priest (D:5)
  A hound (D:3)
  2 iguanas (D:5)
  Ijyb (D:3)
  Terence (D:3)
  Natasha (twice) (D:3)
  4 orc wizards (D:5)
  2 adders (D:5)
  3 dart slugs
  18 orcs
  8 endoplasms
  3 giant cockroaches
  10 goblins
  7 hobgoblins
  2 jackals (D:1)
  8 kobolds
  4 quokkas
  9 ball pythons
  6 bats
  4 frilled lizards
  7 rats
120 creatures vanquished.

Notes
Turn   | Place    | Note
-------+----------+-------------------------------------------
     0 | D:1      | topfpfpflanze the Octopode Conjurer began the quest for the
                  | Orb.
     0 | D:1      | Reached XP level 1. HP: 11/11 MP: 3/3
   186 | D:1      | Reached XP level 2. HP: 17/17 MP: 0/5
   377 | D:1      | Reached skill level 3 in Spellcasting
   567 | D:1      | Reached XP level 3. HP: 21/21 MP: 4/7
  1455 | D:2      | Found a faded altar of an unknown god.
  1483 | D:2      | Identified the ring "Figefoo" {Fly rC+}
  2111 | D:3      | Noticed Terence
  2111 | D:3      | Noticed a black bear
  2157 | D:3      | Noticed Pargi
  2166 | D:3      | Killed Pargi
  2167 | D:3      | Reached skill level 4 in Spellcasting
  2167 | D:3      | Reached XP level 4. HP: 17/27 MP: 3/10
  2167 | D:3      | Reached XP level 5. HP: 20/31 MP: 3/12
  2182 | D:2      | Learned a level 2 spell: Searing Ray
  2296 | D:3      | Reached skill level 5 in Spellcasting
  2454 | D:3      | Noticed Ijyb
  2462 | D:3      | Killed Ijyb
  2861 | D:3      | Killed Terence
  2862 | D:3      | Reached XP level 6. HP: 36/36 MP: 6/14
  2882 | D:3      | Killed a black bear
  2883 | D:3      | Reached skill level 6 in Spellcasting
  3221 | D:3      | Noticed Natasha
  3223 | D:3      | Killed Natasha
  3344 | D:3      | Noticed Natasha
  3348 | D:3      | Killed Natasha
  3716 | D:4      | Noticed Sigmund
  3824 | D:4      | Killed Sigmund
  3825 | D:4      | Reached skill level 7 in Spellcasting
  3825 | D:4      | Reached XP level 7. HP: 37/41 MP: 10/17
  3888 | D:4      | Found Echoxepi's Jewellery Shop.
  4239 | D:4      | Reached skill level 8 in Spellcasting
  4302 | D:4      | Found a radiant altar of Vehumet.
  4730 | D:5      | Entered Level 5 of the Dungeon
  4860 | D:5      | Noticed Grinder
  4886 | D:5      | Killed Grinder
  4887 | D:5      | Reached XP level 8. HP: 33/46 MP: 3/20
  4984 | D:5      | Noticed Blork the orc
  4990 | D:5      | Killed Blork the orc
  4991 | D:5      | Reached skill level 9 in Spellcasting
  5063 | D:5      | Found a staircase to the Ecumenical Temple.
  5103 | Temple   | Entered the Ecumenical Temple
  5872 | D:5      | You fall into a shaft and drop 3 floors!
  5899 | D:8      | Noticed a wyvern
  5906 | D:8      | Killed a wyvern
  5907 | D:8      | Reached skill level 10 in Spellcasting
  5934 | D:8      | Reached XP level 9. HP: 24/51 MP: 12/23
  6174 | D:8      | Reached skill level 11 in Spellcasting
  6179 | D:8      | Gained mutation: Your muscles are strong. (Str +4, Int/Dex
                  | -1) [potion of mutation]
  6179 | D:8      | Gained mutation: Your spells are a little harder to cast,
                  | but a little more powerful. [potion of mutation]
  6179 | D:8      | Gained mutation: You are partially covered in iridescent
                  | scales. (AC +2) [potion of mutation]
  6180 | D:8      | Slain by a vampire mosquito

Illustrated notes

Levels and vault maps discovered:
D:1:      saegor_arrival_simple_a, layout_loops_ring
D:2:      layout_basic, hellmonk_ecumenical_altar_arch_garden,
          uniq_crazy_yiuf_cottage
D:3:      layout_loops_ring, uniq_ijyb, uniq_natasha, uniq_terence, uniq_pargi
D:4:      layout_basic, vehumet_altar_wand_db, serial_shops,
          nicolae_shop_gaudy_bauble, uniq_sigmund
D:5:      layout_basic, lemuel_tele_altar, minmay_temple_entry_ruins,
          minmay_misc_feat_rows, st_stairs_11, uniq_grinder, uniq_blork_the_orc
D:8:      layout_basic, chequers_garden, minivault_24
Temple:   bh_familiar_temple

Skill      XL: |  1  2  3  4  5  6  7  8  9 |
---------------+----------------------------+-----
Spellcasting   | 3 4 5 7 8 10 11 | 11.1
Dodging        | |  2.0
Stealth        | |  2.6
Conjurations   | |  4.0

Action                     |  1- 3 |  4- 6 |  7- 9 || total
---------------------------+-------+-------+-------++-------
  Melee: Unarmed           |     8 |       |       ||     8
         Constrict         |     5 |     1 |     1 ||     7
         Tentacles         |     5 |       |       ||     5
         Punch             |     1 |       |       ||     1
         Dagger            |     3 |    11 |       ||    14
         Whip              |       |       |     1 ||     1
   Cast: Magic Dart        |    77 |    44 |    91 ||   212
         Searing Ray       |       |    11 |    29 ||    40
  Evoke: Wand              |       |       |     4 ||     4
    Use: Scroll            |     2 |       |       ||     2
         Potion            |       |     1 |     4 ||     5
 Armour: Skin              |    13 |    16 |    32 ||    61
  Dodge: Dodged            |    19 |    17 |    32 ||    68

Table legend: (Time is in decaauts)
 A = Elapsed time spent in this place.
 B = Non-inter-level travel time spent in this place.
 C = Inter-level travel time spent in this place.
 D = Time resting spent in this place.
 E = Time spent auto-exploring this place.
 F = Levels seen in this place.
 G = Mean time per level.
                   A        B        C        D        E       F      G
               +--------+--------+--------+--------+--------+-----+--------+
         Total |   6180 |   5891 |    289 |   1085 |   4079 |   7 |  882.9 |
       Dungeon |   6156 |   5867 |    289 |   1085 |   4056 |   6 | 1026.0 |
        Temple |     24 |     24 |      0 |      0 |     23 |   1 |   24.0 |
               +--------+--------+--------+--------+--------+-----+--------+

Top non-repeatable levels by time:
     D:3: 1457 daAuts
     D:1: 1257 daAuts
     D:4: 1075 daAuts
     D:5: 1053 daAuts
     D:2: 1003 daAuts
     D:8: 307 daAuts
  Temple: 24 daAuts
